 Dungeon Crawl Stone Soup version 0.18.1-50-g88ac8fd (webtiles) character file.

123 Hawkwind the Shield-Bearer (level 5, 0/33 HPs)
             Began as a Gargoyle Fighter on May 25, 2019.
             Slain by a worker ant (2 damage)
             ... on level 5 of the Dungeon.
             The game lasted 00:06:15 (947 turns).

Hawkwind the Shield-Bearer (Gargoyle Fighter)        Turns: 947, Time: 00:06:16

Health: 0/33       AC: 15    Str: 20    XL:     5   Next: 7%
Magic:  5/5        EV:  4    Int:  9    God:
Gold:   76         SH:  9    Dex:  9    Spells: 0 memorised, 4 levels left

rFire  + . .     SeeInvis .     a - +0 trident
rCold  x . .     Gourm    .     i - +0 plate armour
rNeg   + . .     Faith    .     c - +0 shield
rPois  ∞         Spirit   .     (no helmet)
rElec  +         Dismiss  .     (no cloak)
rCorr  .         Reflect  .     (no gloves)
SustAt +         Harm     .     (no boots)
MR     .....                    (no amulet)
Stlth  ..........               h - ring of sustain attributes
                                g - ring of fire

@: not resistant to hostile enchantments, extremely unstealthy
A: negative energy resistance 1, electricity resistance, unbreathing,
petrification resistance, rot immunity, AC +4
a: no special abilities


You were on level 5 of the Dungeon.
You were hungry.

You visited 2 branches of the dungeon, and saw 6 of its levels.

You collected 76 gold pieces.

Inventory:

Hand Weapons
 a - a +0 trident (weapon)
Missiles
 l - 10 stones (quivered)
Armour
 b - a +0 scale mail
 c - a +0 shield (worn)
 i - a +0 plate armour (worn)
Jewellery
 g - a ring of fire (left hand)
 h - a ring of sustain attributes (right hand)
Scrolls
 e - a scroll of enchant armour {unknown}
 j - 2 scrolls of enchant weapon {unknown}
 k - a scroll of fear {unknown}
 n - a scroll of blinking {unknown}
 o - 2 scrolls of random uselessness {unknown}
Potions
 d - a potion of might
Comestibles
 f - 3 bread rations
 m - a slice of pizza


   Skills:
 + Level 3.7 Fighting
 + Level 2.4 Polearms
 + Level 4.0 Armour
 * Level 1.4 Dodging
 + Level 4.3 Shields


You had 4 spell levels left.
You didn't know any spells.

Dungeon Overview and Level Annotations

Branches:
Dungeon (5/15)             Temple (1/1) D:5

Altars:
Ashenzari
Dithmenos
Elyvilon
Fedhas
Kikubaaqudgha
Makhleb
Pakellas
Qazlal
Ru
Sif Muna
Vehumet
Zin


Innate Abilities, Weirdness & Mutations

You are resistant to torment.
Your stone body is resilient (AC +4).
You are immune to poison.
You resist negative energy.
You are resistant to electric shocks.
You can survive without breathing.
You are immune to petrification.
You are immune to rotting.


Message History

The worker ant bites you.
* * * LOW HITPOINT WARNING * * *
The quokka barely misses you. You block the worker ant's attack.
The quokka bites you but does no damage.
The worker ant bites you but does no damage.
You block the quokka's attack.
The worker ant bites you but does no damage.
You block the quokka's attack.
The worker ant bites you but does no damage.
The quokka bites you but does no damage.
The worker ant bites you.
* * * LOW HITPOINT WARNING * * *
The quokka bites you.
* * * LOW HITPOINT WARNING * * *
The worker ant bites you.
* * * LOW HITPOINT WARNING * * *
You block the quokka's attack. The worker ant bites you.
You die...

#........ #.......#
#........ .# #........
#.#.# ######.#. #.#.#
#.#. # #.#.# #.#.
#..#####.#.#########.#.
#?....@................
#.####ar...............
....................#.#.
..........#########.#.#.
.............# #.#.#.
....#####.##.######.#.#.
##.# #.##........#.#. #.
#.###########.#. # #.#
#.#.


You could see a worker ant and a quokka.

Vanquished Creatures
  A big kobold (D:5)
  3 adders
  2 giant geckos
  An orc (D:3)
  2 goblins
  A hobgoblin (D:3)
  A quokka (D:3)
  A ball python (D:4)
  2 bats (D:3)
  A giant newt (D:2)
  A jackal skeleton (D:4)
  10 kobolds
  A quokka zombie (D:5)
  3 rats
30 creatures vanquished.

Notes
Turn   | Place    | Note
--------------------------------------------------------------
     0 | D:1      | Hawkwind the Gargoyle Fighter began the quest for the Orb.
     0 | D:1      | Reached XP level 1. HP: 14/14 MP: 1/1
    34 | D:2      | Reached XP level 2. HP: 18/19 MP: 2/2
   289 | D:3      | Reached XP level 3. HP: 23/23 MP: 3/3
   374 | D:4      | Noticed a scorpion
   484 | D:5      | Entered Level 5 of the Dungeon
   644 | D:5      | Found a staircase to the Ecumenical Temple.
   651 | Temple   | Entered the Ecumenical Temple
   763 | D:5      | Noticed a big kobold
   815 | D:5      | Killed a big kobold
   815 | D:5      | Reached skill level 1 in Dodging
   815 | D:5      | Reached XP level 4. HP: 6/29 MP: 4/4
   815 | D:5      | Reached XP level 5. HP: 7/33 MP: 5/5
   947 | D:5      | Slain by a worker ant

Skill      XL: |  1  2  3 |
---------------+----------+-----
Polearms       | 2 |  2.4
Armour         | 4 |  4.0
Dodging        | 1 |  1.4
Shields        | 4 |  4.3
Fighting       | |  3.7

Action                   |  1- 3 |  4- 6 || total
-------------------------+-------+-------++-------
Melee: Trident           |   152 |    29 ||   181
Armor: Scale mail        |    51 |       ||    51
       Plate armour      |    55 |    53 ||   108
Dodge: Dodged            |    30 |     8 ||    38
Block: Shield            |    91 |    32 ||   123
